 Dungeon Crawl Stone Soup version 0.21-a0-142-gdd972a7 (webtiles) character file.

5 Gorice the Grave Robber (level 1, 0/13 HPs)
             Began as a Demonspawn Necromancer on July 22, 2017.
             Slain by a kobold (4 damage)
             ... on level 1 of the Dungeon.
             The game lasted 00:01:21 (400 turns).

Gorice the Grave Robber (Demonspawn Necromancer)     Turns: 400, Time: 00:01:23

Health: 0/13       AC:  2    Str:  8    XL:     1   Next: 66%
Magic:  2/3        EV: 12    Int: 16    God:
Gold:   6          SH:  0    Dex: 13    Spells: 2/4 levels left

rFire    . . .     SeeInvis .   (no weapon)
rCold    . . .     Gourm    .   (no shield)
rNeg     . . .     Faith    .   a - +0 robe
rPois    .         Spirit   .   (no helmet)
rElec    .         Reflect  .   (no cloak)
rCorr    .         Harm     .   (no gloves)
MR       .....                  (no boots)
Stlth    ++........             (no amulet)
HPRegen  0.04/turn              (no ring)
MPRegen  0.08/turn              (no ring)

@: no status effects
A: no striking features
a: no special abilities


You were on level 1 of the Dungeon.
You were not hungry.

You visited 1 branch of the dungeon, and saw 1 of its levels.

You collected 6 gold pieces.

Inventory:

Hand Weapons
 e - a +0 hand axe
 f - a +0 spear
Armour
 a - a +0 robe (worn)
 d - a +0 chain mail
Scrolls
 g - a scroll of fear {unknown}
 h - 3 scrolls of random uselessness {unknown}
Books
 b - a book of Necromancy
Comestibles
 c - a bread ration {!e}


   Skills:
 - Level 1.7 Dodging
 - Level 1.7 Stealth
 + Level 2.1 Spellcasting
 * Level 4.6 Necromancy


You had 2 spell levels left.
You knew the following spells:

 Your Spells              Type           Power        Failure   Level  Hunger
a - Pain                  Necr           ###.         3%          1    #......
b - Animate Skeleton      Necr           N/A          3%          1    #......


Dungeon Overview and Level Annotations

Branches:
Dungeon (1/15)

Altars:


Message History

Casting: Pain
Confirm with . or Enter, or press ? or * to list all spells.
Aiming: Pain
Press: ? - help, Shift-Dir - straight line, f/p - hobgoblin
Aim: a hobgoblin, wielding a club (almost dead, chance to defeat MR: 87%)
The hobgoblin barely resists.
Damage: 1 (max 1)
Casting: Pain
Confirm with . or Enter, or press ? or * to list all spells.
Aiming: Pain
Press: ? - help, Shift-Dir - straight line, f/p - hobgoblin
Aim: a hobgoblin, wielding a club (almost dead, chance to defeat MR: 87%)
The hobgoblin writhes in agony!
You kill the hobgoblin!
Damage: 1 (max 1)
A kobold comes into view.
The kobold shouts!
All of the chunks of flesh in your inventory have rotted away.
Things that are here:
a club; a hobgoblin corpse
There is an open door here.
A rat comes into view.
There is an open door here.
The rat moves out of view.
There is an open door here.
Found a spear.
The kobold hits you.
Damage: 1 (max 1)
Casting: Pain
Confirm with . or Enter, or press ? or * to list all spells.
Aiming: Pain
Press: ? - help, Shift-Dir - straight line, f - kobold
Aim: a kobold (chance to defeat MR: 87%)
The kobold barely resists.
The kobold hits you but does no damage.
Damage: 1 (max 1)
Casting: Pain
Confirm with . or Enter, or press ? or * to list all spells.
Aiming: Pain
Press: ? - help, Shift-Dir - straight line, f/p - kobold
Aim: a kobold (chance to defeat MR: 87%)
The kobold writhes in agony!
The kobold hits you.
* * * LOW HITPOINT WARNING * * *
Damage: 5 (max 5)
You see here a spear.
f - a spear The kobold hits you.
* * * LOW HITPOINT WARNING * * *
Damage: 1 (max 5)
The kobold hits you.
You die...

#.........########'####
#.........# #...)..
#....#.#### #......
#....#.# #......
#....#.# #......
#....#.# #.....? #...
#r# #...... ### #K#
#...... #@# #...... #.#
#.# #.# #.# ... ... ...


You could see a kobold and a rat.

Vanquished Creatures
  2 goblins (D:1)
  A hobgoblin (D:1)
  3 rats (D:1)
6 creatures vanquished.

Notes
Turn   | Place    | Note
-------+----------+-------------------------------------------
     0 | D:1      | Gorice the Demonspawn Necromancer began the quest for the Orb.
     0 | D:1      | Reached XP level 1. HP: 13/13 MP: 3/3
    74 | D:1      | Learned a level 1 spell: Animate Skeleton
   395 | D:1      | HP: 3/13 [kobold (1)]
   400 | D:1      | Slain by a kobold

Vault maps used:
D:1:      lemuel_arrival_muddy

Action                   || total
-------------------------++-------
Melee: Unarmed           ||     1
 Cast: Pain              ||    10
       Animate Skeleton  ||     2
Armor: Robe              ||     1

Table legend:
 A = Turns spent in this place as a percentage of turns spent in the entire game.
 B = Non-inter-level travel turns spent in this place as a percentage of non-inter-level travel turns spent in the entire game.
 C = Inter-level travel turns spent in this place as a percentage of turns spent in this place.
 D = Turns resting spent in this place as a percentage of non-inter-level travel turns spent in this place.
 E = Turns spent auto-exploring this place as a percentage of non-inter-level travel turns spent in this place.
 F = Non-inter-level travel turns spent in this place divided by the number of levels of this place that you've seen.
                   A       B       C       D       E      F
               +-------+-------+-------+-------+-------+----------------------
         Total | 100.0 | 100.0 |   0.0 |   4.3 |   7.8 | 116.0
       Dungeon | 100.0 | 100.0 |   0.0 |   4.3 |   7.8 | 116.0
               +-------+-------+-------+-------+-------+----------------------

Vault maps used:
D:1:      lemuel_arrival_muddy
